Map: Simulacrum LE

Players

NORTHAMERICA

  • Race: Protoss Protoss
  • League: Grandmaster
  • Spawn Location: 11:00

哈姆太郎 - Winner!

  • Race: Protoss Protoss
  • League: Grandmaster
  • Spawn Location: 5:00

VOD

Have the link to the VOD?

Description

Time

  • Played on: June 1, 2020, 3:52 a.m.
  • Length: 7:35
Show
View Real Time Build Order
Export as new Build Order

NORTHAMERICA Protoss 

Build Orders:  

Get SALT Encoding   

  12  0:01  Probe  
  13  0:13  Probe  
  14  0:18  Pylon  
  14  0:25  Probe  
  15  0:37  Probe (Chrono Boost)  
  15  0:38  Gateway  
  16  0:47  Assimilator  
  16  0:48  Probe (Chrono Boost)  
  17  0:52  Probe (Chrono Boost)  
  17  0:55  Assimilator  
  18  1:03  Probe (Chrono Boost)  
  19  1:12  Probe (Chrono Boost), Gateway  
  19  1:18  Probe (Chrono Boost)  
  21  1:26  Cybernetics Core  
  21  1:30  Probe  
  22  1:36  Pylon  
  22  1:42  Probe  
  23  2:00  Warp Gate (Chrono Boost)  
  23  2:02  Stalker  
  23  2:03  Sentry  
  27  2:12  Pylon  
  27  2:28  Nexus  
  27  2:31  Sentry  
  29  2:37  Stalker  
  31  2:45  Shield Battery  
  31  2:48  Probe  
  32  3:04  Shield Battery  
  32  3:07  Probe  
  32  3:12  Robotics Facility  
  33  3:17  Shield Battery  
  33  3:19  Probe (Chrono Boost)  
  34  3:31  Probe (Chrono Boost), Shield Battery  
  35  3:39  Probe (Chrono Boost)  
  36  3:43  Shield Battery, Stalker  
  36  3:44  Probe  
  36  3:45  Probe  
  40  3:50  Twilight Council  
  40  3:56  Stalker  
  40  3:57  Probe (Chrono Boost)  
  40  3:59  Probe (Chrono Boost)  
  44  4:09  Probe (Chrono Boost)  
  44  4:11  Forge  
  44  4:15  Probe (Chrono Boost)  
  44  4:16  Probe (Chrono Boost)  
  45  4:19  Stalker  
  45  4:22  Shield Battery  
  47  4:27  Adept  
  47  4:30  Probe (Chrono Boost)  
  45  4:32  Probe (Chrono Boost)  
  46  4:41  Blink  
  46  4:45  Stalker  
  49  4:48  Probe (Chrono Boost)  
  49  4:52  Shield Battery  
  43  5:04  Probe  
  43  5:06  Probe (Chrono Boost)  
  38  5:12  Dark Shrine  
  37  5:14  Adept  
  37  5:15  Adept  
  37  5:16  Probe (Chrono Boost)  
  37  5:18  Probe (Chrono Boost)  
  43  5:26  Probe (Chrono Boost)  
  43  5:27  Probe (Chrono Boost)  
  45  5:31  Probe (Chrono Boost)  
  45  5:36  Stalker  
  45  5:38  Probe  
  43  5:46  Probe (Chrono Boost)  
  44  5:53  Probe (Chrono Boost)  
  45  5:58  Probe (Chrono Boost)  
  45  6:05  Probe (Chrono Boost)  
  45  6:08  Probe (Chrono Boost)  
  44  6:11  Stalker x2  
  44  6:14  Probe  
  47  6:19  Probe  
  46  6:28  Probe (Chrono Boost)  
  46  6:32  Gateway  
  47  6:34  Probe (Chrono Boost), Dark Templar  
  47  6:37  Dark Templar  
  52  6:43  Probe (Chrono Boost)  
  52  6:44  Probe (Chrono Boost)  
  54  6:52  Robotics Facility  
  54  6:58  Shield Battery  
  54  6:59  Shield Battery  
  54  7:00  Pylon  
  50  7:12  Stalker x2  
Show
View Real Time Build Order
Export as new Build Order

哈姆太郎 Protoss - Winner!

Build Orders: Oracle Opening 

Get SALT Encoding   

  12  0:00  Probe  
  13  0:12  Probe  
  14  0:17  Pylon  
  14  0:25  Probe (Chrono Boost)  
  16  0:37  Probe (Chrono Boost), Gateway  
  16  0:43  Probe (Chrono Boost)  
  16  0:49  Assimilator  
  17  0:51  Probe  
  17  0:55  Assimilator  
  18  1:03  Probe  
  19  1:08  Gateway  
  19  1:15  Probe (Chrono Boost)  
  21  1:26  Probe (Chrono Boost)  
  21  1:27  Cybernetics Core  
  21  1:30  Probe (Chrono Boost)  
  22  1:35  Pylon  
  22  1:41  Probe  
  23  1:53  Probe  
  24  2:03  Warp Gate, Adept  
  24  2:04  Adept  
  24  2:08  Pylon  
  28  2:33  Stargate, Stalker  
  28  2:34  Stalker  
  32  2:38  Probe  
  33  2:56  Pylon  
  33  3:07  Nexus  
  34  3:14  Oracle (Chrono Boost)  
  37  3:20  Probe  
  37  3:28  Pylon  
  37  3:32  Probe  
  38  3:44  Oracle  
  38  3:47  Probe  
  42  3:51  Adept x2  
  46  4:00  Probe  
  47  4:12  Probe (Chrono Boost), Twilight Council  
  48  4:21  Probe (Chrono Boost)  
  48  4:22  Adept x2  
  53  4:27  Probe x2 (Chrono Boost)  
  53  4:39  Probe x2 (Chrono Boost)  
  55  4:50  Probe x2 (Chrono Boost), Blink  
  57  4:55  Probe x2 (Chrono Boost)  
  59  5:05  Probe  
  52  5:10  Stalker x2  
  52  5:13  Shield Battery  
  55  5:15  Shield Battery  
  55  5:19  Forge, Assimilator  
  54  5:21  Assimilator  
  58  5:32  Shield Battery  
  58  5:41  Stalker  
  58  5:42  Stalker  
  62  5:44  Probe, Oracle (Chrono Boost)  
  62  6:00  Probe  
  62  6:03  Probe  
  61  6:05  Stalker x2  
  61  6:10  Photon Cannon  
  62  6:13  Probe  
  62  6:16  Probe  
  61  6:25  Probe  
  62  6:28  Probe (Chrono Boost)  
  63  6:32  Stalker  
  63  6:33  Stalker  
  63  6:37  Probe (Chrono Boost)  
  63  6:38  Robotics Facility  
  69  6:40  Probe (Chrono Boost)  
  69  6:42  Pylon  
  70  6:47  Probe (Chrono Boost)  
  70  6:58  Pylon  
  70  7:00  Probe x2  
  72  7:12  Probe x2  
  72  7:21  Stalker x2  
Tags
 
Add a new tag
Caveats
  • Supply blocks, unpowered buildings, or Contaminate may cause inaccurate times.
  • Supply counts are checked every 10 seconds.